 Dungeon Crawl Stone Soup version 0.29.0-4-gdea44cf6ec (webtiles) character file.

Game seed: 14369135181417556638

87 qw the Chopper (level 4, 0/26 HPs)
             Began as a Tengu Warper on Aug 28, 2022.
             Slain by a quokka (1 damage)
             ... on level 3 of the Dungeon.
             The game lasted 00:00:15 (2162 turns).

qw the Chopper (Tengu Warper)                       Turns: 2162, Time: 00:00:15

Health: 0/26       AC: 10    Str: 11 (13) XL:     4   Next: 51%
Magic:  8/8        EV:  2    Int: 13 (14) God:
Gold:   140        SH:  0    Dex: 11 (13) Spells: 7/7 levels left

rFire   . . .      SeeInvis .   Y - +4 hand axe
rCold   . . .      Faith    .   (no shield)
rNeg    . . .      Spirit   .   l - +0 plate armour
rPois   .          Reflect  .   (helmet restricted)
rElec   .          Harm     .   (no cloak)
rCorr   +          Rampage  .   (no gloves)
Will    .....                   (boots unavailable)
Stlth   ..........              (no amulet)
HPRegen 0.08/turn               k - ring of resist corrosion
MPRegen 0.11/turn               (no ring)

@: no status effects
A: beak, talons 3
a: no special abilities


You were on level 3 of the Dungeon.
You visited 1 branch of the dungeon, and saw 3 of its levels.

You collected 140 gold pieces.


Innate Abilities, Weirdness & Mutations

You have a beak for a mouth.
You have claws for feet.


   Skills:
 - Level 2.0 Fighting
 + Level 4.7 Axes
 - Level 1.0 Throwing
 - Level 2.1 Armour
 - Level 2.1 Dodging
 - Level 2.0 Spellcasting
 - Level 2.4 Translocations


You had 7 spell levels left.
You didn't know any spells.
Your spell library contained the following spells:

 Spells                   Type           Power      Damage    Failure   Level
 Blink                    Tloc           14%        N/A       100%        2
 Gell's Gravitas          Tloc           7%         N/A       100%        3
 Lesser Beckoning         Tloc           7%         N/A       100%        3
 Teleport Other           Tloc           7%         N/A       100%        3
 Manifold Assault         Tloc           7%         N/A       100%        5

Inventory:

Hand Weapons
 a - a +0 morningstar
 Y - a +4 hand axe (weapon)
Armour
 l - a +0 plate armour (worn)
Jewellery
 k - a ring of resist corrosion (left hand)
Potions
 d - 2 potions of ambrosia {unknown}
 g - 2 potions of attraction {unknown}
 h - a potion of resistance {unknown}
 i - a potion of curing {unknown}
 j - 2 potions of mutation {unknown}
 o - a potion of heal wounds {unknown}

Dungeon Overview and Level Annotations

Branches:
Dungeon (3/15)

Altars:
Zin


Message History

You closely miss the orc wizard. You hit the orc but do no damage.
Something hits you but does no damage.
The orc wizard hits you but does no damage.
The orc hits you but does no damage.
You hit something. Your kick misses something. You miss the orc.
You closely miss the orc wizard. Something hits you but does no damage.
The orc wizard casts a spell.
The orc wizard flickers and vanishes!
The orc hits you but does no damage.
You're too confused to move!
You feel less confused.
You hear some strange, mumbled words.
A puff of flame appears from out of thin air!
The puff of flame hits you. Something hits you but does no damage.
The orc hits you with a +0 dagger.
2156 ||| READING scroll of teleportation.
As you read the scroll of teleportation, it crumbles to dust.
You feel strangely unstable.
Something hits you but does no damage. x2; The orc hits you but does no damage.
You hit the orc.
The orc is severely wounded.
You hit something but do no damage. You hit something.
Something hits you but does no damage.
You hear some strange, mumbled words.
Something tries to affect you, but you resist.
The orc hits you with a +0 dagger.
You hit the orc but do no damage. Your kick misses the orc.
The orc is severely wounded.
You barely miss something. You closely miss something.
Something hits you but does no damage. x2; The orc completely misses you.
You hit the orc but do no damage.
The orc is severely wounded.
You hit something but do no damage. You closely miss something.
Your surroundings suddenly seem different. 2 quokkas come into view.
Enter note: You hit the quokka.
You kill the quokka!
The quokka bites you.
You die...

#### #.# #
#...
#####.####
#...
#........#
###...###
#.........
#.......#
#........#
.#.......#
#.........
.........#
#.........
#........#
#######...
#......@.#
#...
##.....r.#
#.##
#.......#
#.##
#.......#
#...
#.......#
#.##
#.......#
##...
#.......#
#....
......###
#....
#######....


You could see a quokka.

Vanquished Creatures
  3 adders
  3 dart slugs
  4 orcs
  3 ball pythons (D:2)
  2 endoplasms
  2 giant cockroaches
  7 hobgoblins
  2 jackals (D:1)
  5 kobolds
  2 quokkas
  5 bats
  A frilled lizard (D:1)
  2 goblins
  8 rats
49 creatures vanquished.

Notes
Turn   | Place    | Note
-------+----------+-------------------------------------------
     0 | D:1      | qw the Tengu Warper began the quest for the Orb.
     0 | D:1      | Reached XP level 1. HP: 12/12 MP: 4/4
     0 | D:1      | 0 ||| qw: Version: 0.1-a-89-g26bdef1
     0 | D:1      | 0 ||| qw: Game counter: 2082
     0 | D:1      | 0 ||| qw: Always use a shield: true
     0 | D:1      | 0 ||| qw: God list: Okawaru
     0 | D:1      | 0 ||| qw: Allow faded altars: false
     0 | D:1      | 0 ||| qw: Do Orc after D:15 true
     0 | D:1      | 0 ||| qw: Do second Lair branch before Depths: true
     0 | D:1      | 0 ||| qw: Lair rune preference: random
     0 | D:1      | 0 ||| qw: Plans: Normal
     0 | D:1      | 0 ||| PLANNING D:1-11
    56 | D:1      | 56 ||| Stepping ~*~*~tactically~*~*~ (stealth).
   225 | D:1      | Reached XP level 2. HP: 17/17 MP: 6/6
   233 | D:1      | Reached skill level 3 in Axes
   637 | D:1      | Found a faded altar of an unknown god.
   859 | D:1      | 859 ||| UPGRADING to ring of resist corrosion.
   860 | D:1      | 860 ||| READING scroll labelled UZUYSAC LYPN.
   861 | D:1      | 861 ||| READING 2 scrolls labelled OLEBBAKHAO.
   866 | D:1      | 866 ||| READING scroll labelled HOVOEG EROROS.
   867 | D:1      | 867 ||| READING scroll labelled SAEFYA FUCORONG.
   868 | D:1      | 868 ||| READING scroll labelled RALAASUNWIS.
   869 | D:1      | 869 ||| READING scroll labelled VUVYUCRAAKA.
   870 | D:1      | 870 ||| READING scroll labelled MEUWAL LUIVOFE.
   871 | D:1      | 871 ||| DROPPING scroll of blinking.
   872 | D:1      | 872 ||| READING scroll of teleportation.
   885 | D:2      | 885 ||| Stepping ~*~*~tactically~*~*~ (hiding).
   922 | D:2      | 922 ||| FLEEEEING.
   929 | D:2      | 929 ||| FLEEEEING.
   930 | D:2      | 930 ||| FLEEEEING.
   931 | D:2      | 931 ||| FLEEEEING.
   932 | D:2      | 932 ||| FLEEEEING.
   933 | D:2      | 933 ||| STAIRDANCE
   954 | D:1      | 954 ||| READING scroll labelled UGAJUS UCSUM.
   957 | D:2      | 957 ||| STAIRDANCE
  1039 | D:2      | Reached XP level 3. HP: 15/21 MP: 7/7
  1039 | D:2      | 1039 ||| STAIRDANCE
  1191 | D:2      | 1191 ||| SWAPPING to +3 hand axe.
  1192 | D:2      | 1192 ||| DROPPING +1 hand axe.
  1225 | D:2      | 1225 ||| Stepping ~*~*~tactically~*~*~ (stealth).
  1237 | D:2      | 1237 ||| Stepping ~*~*~tactically~*~*~ (stealth).
  1238 | D:2      | 1238 ||| Stepping ~*~*~tactically~*~*~ (stealth).
  1239 | D:2      | 1239 ||| Stepping ~*~*~tactically~*~*~ (stealth).
  1243 | D:2      | Reached skill level 4 in Axes
  1248 | D:2      | 1248 ||| Stepping ~*~*~tactically~*~*~ (stealth).
  1249 | D:2      | 1249 ||| Stepping ~*~*~tactically~*~*~ (stealth).
  1518 | D:2      | Reached XP level 4. HP: 26/26 MP: 8/8
  1676 | D:2      | 1676 ||| UPGRADING to +0 plate armour.
  1686 | D:2      | 1686 ||| DROPPING +0 leather armour.
  1687 | D:2      | 1687 ||| READING scroll labelled QUILUE KOCKOFAMIKE.
  1688 | D:2      | 1688 ||| DRINKING 2 smoky cyan potions.
  1689 | D:2      | 1689 ||| DROPPING potion of degeneration.
  1720 | D:3      | 1720 ||| Stepping ~*~*~tactically~*~*~ (hiding).
  1758 | D:3      | 1758 ||| Stepping ~*~*~tactically~*~*~ (hiding).
  1793 | D:3      | 1793 ||| DROPPING +0 mace.
  1814 | D:3      | Found a glowing silver altar of Zin.
  1915 | D:3      | 1915 ||| READING scroll of enchant weapon.
  1915 | D:3      | 1915 ||| ENCHANTING +3 hand axe.
  2035 | D:3      | 2035 ||| DROPPING +0 flail.
  2155 | D:3      | HP: 5/26 [something/puff of flame (5)]
  2156 | D:3      | 2156 ||| READING scroll of teleportation.
  2157 | D:3      | HP: 1/26 [orc/+0 dagger (2)]
  2162 | D:3      | Slain by a quokka

Levels and vault maps discovered:
D:1:      psy_arrival_terrarium, layout_rooms, shapermc_ecumenical_altar_petra
D:2:      layout_basic
D:3:      layout_basic, pdpol_temple_overflow_zin_treasury_gozag_greed

Skill      XL: |  1  2  3  4 |
---------------+-------------+-----
Axes           | 3 4 |  4.7
Armour         | 2 |  2.1
Fighting       | |  2.0
Throwing       | |  1.0
Dodging        | |  2.1
Spellcasting   | |  2.0
Translocations | |  2.4

Action                   |  1- 3 |  4- 6 || total
-------------------------+-------+-------++-------
Melee: Hand axe          |    93 |    30 ||   123
       Kick              |    20 |     3 ||    23
       Peck              |     7 |     3 ||    10
Throw: Boomerang         |     7 |       ||     7
  Use: Scroll            |     9 |     3 ||    12
       Potion            |       |     1 ||     1
Armor: Leather armour    |    23 |       ||    23
       Plate armour      |       |    26 ||    26
Dodge: Dodged            |    69 |     3 ||    72

Table legend:
 A = Non-vault XP
 B = Vault XP
 C = Vault XP percentage of total XP
 D = Non-vault monster count
 E = Vault monster count
 F = Vault count percentage of total count
                 A         B        C        D         E       F
            +---------+---------+-------+---------+---------+-------
      Total |     125 |       0 |   0.0 |      49 |       0 |   0.0
            +---------+---------+-------+---------+---------+-------
        D:1 |      29 |       0 |   0.0 |      18 |       0 |   0.0
        D:2 |      56 |       0 |   0.0 |      19 |       0 |   0.0
        D:3 |      40 |       0 |   0.0 |      12 |       0 |   0.0
            +---------+---------+-------+---------+---------+-------
